 Dungeon Crawl Stone Soup version 0.29-a0-323-g050149af67 (webtiles) character file.

Game seed: 14455618152654257013

275 Jortsu the Sneak (level 6, -2/42 HPs)
             Began as an Octopode Fighter on Apr 10, 2022.
             Was a Follower of Dithmenos.
             Slain by an orc wizard
             ... wielding a +0 dagger
              (3 damage)
             ... on level 4 of the Dungeon.
             The game lasted 00:05:11 (3604 turns).

Jortsu the Sneak (Octopode Fighter)                 Turns: 3604, Time: 00:05:12

Health: -2/42      AC:  1    Str: 15    XL:     6   Next: 25%
Magic:  6/6        EV: 14    Int: 10    God:    Dithmenos [*.....]
Gold:   1241       SH:  5    Dex: 14    Spells: 5/5 levels left

rFire   . . .      SeeInvis .   f - +2 hand axe (elec)
rCold   . . .      Faith    .   b - +0 buckler
rNeg    . . .      Spirit   .   (helmet restricted)
rPois   .          Reflect  .   (no amulet)
rElec   .          Harm     .   (no ring)
rCorr   .          Rampage  .   (no ring)
Will    .....                   (no ring)
Stlth   ++++......              (no ring)
HPRegen 0.14/turn               (no ring)
MPRegen 0.10/turn               (no ring)
                                (no ring)
                                (no ring)

@: wreathed by umbra
A: almost no armour, amphibious, 8 rings, camouflage 1, gelatinous body 1,
(nimble swimmer 1), tentacles
a: Renounce Religion


You were on level 4 of the Dungeon.
You worshipped Dithmenos.
Dithmenos was aware of your devotion.
You visited 1 branch of the dungeon, and saw 4 of its levels.

You collected 1241 gold pieces.

Inventory:

Hand Weapons
 a - a +0 long sword
 f - a +2 hand axe of electrocution (weapon)
Armour
 b - a +0 buckler (worn)
Jewellery
 i - a ring of ice
Wands
 g - a wand of flame (23)
Scrolls
 d - a scroll of blinking
 e - a scroll of teleportation
 h - 3 scrolls of identify
Potions
 c - 2 potions of might
 j - a potion of resistance
 l - a potion of attraction
 m - 3 potions of heal wounds


   Skills:
 + Level 3.6 Fighting
 + Level 3.0 Long Blades
 + Level 2.1 Axes
 + Level 3.9 Dodging
 + Level 4.7 Stealth
 + Level 3.3 Shields


You had 5 spell levels left.
You didn't know any spells.
Your spell library was empty.

Dungeon Overview and Level Annotations

Branches:
Dungeon (4/15)
 Temple: D:4-7

Altars:
Dithmenos
Kikubaaqudgha
Sif Muna


Innate Abilities, Weirdness & Mutations

You cannot wear most types of armour.
You are amphibious.
You can wear up to eight rings at the same time.
Your skin changes colour to match your surroundings (Stealth+).
Your rubbery body absorbs attacks. (AC +1, EV +1)
((You are camouflaged when in or above water. (Stealth+)))
You have tentacles for arms and can constrict up to eight enemies at once.


Message History

The orc misses you. You block something's attack.
Deactivating autopickup; reactivate with Ctrl-A.
Things that are here:
a +0 dagger; a +0 robe; an orc corpse You hit something.
You closely miss the orc.
The orc hits you with a +0 whip of freezing!
The orc freezes you.
* * * LOW HITPOINT WARNING * * *
You hear some strange, mumbled words.
A magic dart appears from out of thin air!
The magic dart hits you.
* * * LOW HITPOINT WARNING * * *
Something hits you.
* * * LOW HITPOINT WARNING * * *
You block the orc's attack. The orc completely misses you.
The giant cockroach closely misses you.
You barely miss something.
You hit the giant cockroach but do no damage.
Lightning courses through the giant cockroach!!
You kill the giant cockroach!
Dithmenos accepts your kill.
You closely miss the orc. You hit the orc. Lightning courses through the orc!
You kill the orc!
Dithmenos accepts your kill.
You hear some strange, mumbled words.
Something tries to affect you, but you resist.
The orc hits you but does no damage.
You miss something. You hit the orc. Something barely misses you.
The orc closely misses you.
You hit something. Your squeeze misses something. You hit the orc.
Lightning courses through the orc!
You kill the orc!
Dithmenos accepts your kill. Something hits you.
* * * LOW HITPOINT WARNING * * *
Something hits you.
* * * LOW HITPOINT WARNING * * *
You hit something. You squeeze something. Something completely misses you.
You miss something. You squeeze something. Something hits you.
You die...

...#.......#....#
...+.......#....#
...#.....<.#....# +####..
..###.....##....#........
..###.....##....##......
..........##....##..... .
................##...# ..
...............)##...##...
...##.....##...)@{........
...##.....##....).........
.....................##..
..........##....##...#
..........########......
........... .........
......... .........
...##.... #......... ####
#.........


There were no monsters in sight!

Vanquished Creatures
  An ice beast (D:3)
  A necrophage (D:4)
  A hound (D:4)
  4 adders
  2 worms
  A dart slug (D:1)
  6 orcs
  7 ball pythons
  5 endoplasms
  4 giant cockroaches
  A goblin (D:3)
  5 hobgoblins
  2 quokkas
  3 bats (D:1)
  3 frilled lizards
  3 kobolds
  2 rats
51 creatures vanquished.

Vanquished Creatures (others)
  An orc wizard (D:4)
  A fungus (D:3)
  A plant (D:3)
3 creatures vanquished.

Grand Total: 54 creatures vanquished

Notes
Turn   | Place    | Note
-------+----------+-------------------------------------------
     0 | D:1      | Jortsu the Octopode Fighter began the quest for the Orb.
     0 | D:1      | Reached XP level 1. HP: 16/16 MP: 1/1
   157 | D:1      | Reached XP level 2. HP: 19/21 MP: 2/2
   637 | D:1      | Identified a scroll of acquirement
   638 | D:1      | Acquired 1076 gold pieces
   925 | D:2      | Reached skill level 1 in Stealth
   925 | D:2      | Reached XP level 3. HP: 26/26 MP: 3/3
  1678 | D:3      | Found an ancient bone altar of Kikubaaqudgha.
  1705 | D:3      | Noticed an ice beast
  1711 | D:3      | Killed an ice beast
  1712 | D:3      | Reached skill level 1 in Axes
  1712 | D:3      | Reached skill level 3 in Stealth
  1712 | D:3      | Reached XP level 4. HP: 18/31 MP: 4/4
  1712 | D:3      | Reached XP level 5. HP: 21/36 MP: 5/5
  2292 | D:3      | Found a faded altar of an unknown god.
  2308 | D:3      | Prayed at the altar of an unknown god.
  2308 | D:3      | Became a worshipper of Dithmenos the Shadowed
  2308 | D:3      | Reached * piety under Dithmenos
  2499 | D:3      | Found a shimmering blue altar of Sif Muna.
  3256 | D:4      | Reached skill level 4 in Stealth
  3316 | D:4      | Reached XP level 6. HP: 42/42 MP: 6/6
  3602 | D:4      | HP: 1/42 [something (2)]
  3604 | D:4      | Slain by an orc wizard

Illustrated notes

Levels and vault maps discovered:
D:1:      ncdulo_wetmaze, layout_loops_ring
D:2:      layout_loops_corners
D:3:      layout_basic, led_sif_book, old_standard_altar,
          dreamdust_ecumenical_altar_grove, kennysheep_nondescript
D:4:      layout_gridville

Skill      XL: |  1  2  3  4  5 |
---------------+----------------+-----
Stealth        | 1 3 4 |  4.7
Axes           | 1 2 |  2.1
Long Blades    | 3 |  3.0
Fighting       | |  3.6
Dodging        | |  3.9
Shields        | |  3.3

Action                   |  1- 3 |  4- 6 || total
-------------------------+-------+-------++-------
Melee: Long sword        |    11 |       ||    11
       Constrict         |    12 |    13 ||    25
       Tentacles         |     4 |    10 ||    14
       Hand axe          |    35 |    61 ||    96
       Punch             |     2 |     1 ||     3
  Use: Scroll            |    11 |     3 ||    14
 Stab: Sleeping          |     7 |     9 ||    16
Armor: Skin              |     2 |     1 ||     3
Dodge: Dodged            |    39 |    31 ||    70
Block: Buckler           |     7 |    13 ||    20

Table legend: (Time is in decaauts)
 A = Elapsed time spent in this place.
 B = Non-inter-level travel time spent in this place.
 C = Inter-level travel time spent in this place.
 D = Time resting spent in this place.
 E = Time spent auto-exploring this place.
 F = Levels seen in this place.
 G = Mean time per level.
                   A        B        C        D        E       F      G
               +--------+--------+--------+--------+--------+-----+--------+
         Total |   3633 |   3482 |    151 |    733 |   2126 |   4 |  908.2 |
       Dungeon |   3633 |   3482 |    151 |    733 |   2126 |   4 |  908.2 |
               +--------+--------+--------+--------+--------+-----+--------+

Top non-repeatable levels by time:
     D:3: 1630 daAuts
     D:2: 868 daAuts
     D:1: 689 daAuts
     D:4: 446 daAuts
